 Dungeon Crawl Stone Soup version 0.31.0-4-g52a2dc7128 (webtiles) character file.

Game seed: 7195977182774501851

172 RancidPinata the Sneak (level 5, 0/37 HPs)
             Began as an Octopode Delver on Jan 22, 2024.
             Slain by Pikel
             ... wielding a +2 whip of freezing
              (1 damage)
             ... on level 5 of the Dungeon.
             The game lasted 00:04:36 (681 turns).

RancidPinata the Sneak (Octopode Delver)             Turns: 681, Time: 00:04:37

Health: 0/37       AC:  1    Str: 11    XL:     5   Next: 53%
Magic:  5/5        EV: 14    Int: 13    God:
Gold:   58         SH:  0    Dex: 15    Spells: 4/4 levels left

rFire   . . .        j - +3 short sword (venom)
rCold   . . .        (no shield)
rNeg    . . .        (helmet restricted)
rPois   .            (no amulet)
rElec   .            (no ring)
rCorr   .            (no ring)
SInv    .            (no ring)
Will    .....        (no ring)
Stlth   +++++        (no ring)
HPRegen 0.26/turn    (no ring)
MPRegen 0.09/turn    (no ring)
                     (no ring)

%: no passive effects
@: no status effects
A: almost no armour, amphibious, 8 rings, camouflage 1, gelatinous body 1,
(nimble swimmer 1), tentacles
a: no special abilities


You were on level 5 of the Dungeon.
You visited 1 branch of the dungeon, and saw 3 of its levels.

You collected 58 gold pieces.

Inventory:

Hand Weapons
 a - a +0 short sword
 g - a +0 falchion of electrocution
 j - a +3 short sword of venom (weapon)
Missiles
 h - 2 boomerangs (quivered)
Wands
 f - a wand of digging (6)
Scrolls
 b - a scroll of fog
 c - a scroll of revelation
 d - a scroll of fear
 i - a scroll of enchant weapon {unknown}
 l - a scroll of poison {unknown}
 m - a scroll of identify {unknown}
Potions
 e - a potion of haste
 k - a potion of might {unknown}


   Skills:
 * Level 4.1 Fighting
 + Level 2.7 Short Blades
 * Level 3.3 Dodging
 + Level 7.6 Stealth


You had 4 spell levels left.
You didn't know any spells.
Your spell library was empty.

Dungeon Overview and Level Annotations

Branches:
Dungeon (5/15)
 Temple: D:4-7

Altars:
Elyvilon
Qazlal
Uskayaw
Wu Jian

Annotations:
D:5 Pikel


Innate Abilities, Weirdness & Mutations

You cannot wear most types of armour.
You are amphibious.
You can wear up to eight rings at the same time.
Your skin changes colour to match your surroundings (Stealth+).
Your rubbery body absorbs attacks. (AC +1, EV +1)
((You are camouflaged when in or above water. (Stealth+)))
You have tentacles for arms and can constrict up to eight enemies at once.


Message History

A bombardier beetle comes into view.
The walls and floor vibrate strangely for a moment.
You barely miss Pikel. You grab Pikel. You squeeze Pikel.
Pikel is lightly wounded.
You constrict Pikel.
Pikel hits you with a +2 whip of freezing!
Pikel freezes you.
You puncture Pikel!
Pikel is poisoned.
Pikel is moderately wounded.
You constrict Pikel, but do no damage.
Pikel hits you with a +2 whip of freezing!
Pikel freezes you.
You release your grip on Pikel.
You closely miss Pikel. Your grab misses Pikel.
Pikel is moderately wounded.
Pikel misses you.
You hit Pikel but do no damage. Your grab misses Pikel.
Pikel is moderately wounded.
The lemure barely misses you.
You closely miss Pikel. Your grab misses Pikel.
Pikel is heavily wounded.
Pikel hits you with a +2 whip of freezing.
Pikel freezes you.
* * * LOW HITPOINT WARNING * * *
The lemure hits you.
* * * LOW HITPOINT WARNING * * *
You hit Pikel but do no damage. You grab Pikel. You squeeze Pikel.
Pikel is heavily wounded.
You constrict Pikel, but do no damage. Pikel barely misses you.
You completely miss Pikel.
Pikel is heavily wounded.
You constrict Pikel, but do no damage. Pikel completely misses you.
You hit Pikel but do no damage.
Pikel is heavily wounded.
You constrict Pikel. The lemure misses you.
Pikel hits you with a +2 whip of freezing!
* * * LOW HITPOINT WARNING * * *
Pikel freezes you.
You die...
Pikel says, "Another soul for the market."

########.#
... ..#.#
.### ..#.# .#
#.#.# ..#
#.#.# ..#
#.#B#
..h..###.#.#
##
#..5.....55##
.#
#..#....5K@.#
..
...#####†##.#
.######..#
#.# .#
.........#
#.# .#
.........#
#.# .#
..55K....#
#5# .#
5.######.#
#.# .# #.#
#.#####.# ..
..# #.......#


You could see Pikel (very poisoned), 4 lemures and a bombardier beetle.

Vanquished Creatures
  A scorpion (D:4)
  2 hounds (D:4)
  An iguana (D:5)
  2 ufetubi (D:5)
  6 orcs (D:4)
  An endoplasm (D:4)
  A giant cockroach (D:4)
  A hobgoblin (D:4)
  A ball python (D:4)
16 creatures vanquished.

Notes
Turn   | Place    | Note
-------+----------+-------------------------------------------
     0 | D:5      | RancidPinata the Octopode Delver began the quest for the
                  | Orb.
     0 | D:5      | Reached XP level 1. HP: 16/16 MP: 1/1
    15 | D:5      | Noticed a black bear
    30 | D:5      | Noticed a jelly
    76 | D:4      | Reached skill level 7 in Stealth
    76 | D:4      | Reached XP level 2. HP: 9/21 MP: 2/2
   220 | D:4      | Noticed a scorpion
   222 | D:4      | Killed a scorpion
   223 | D:4      | Reached XP level 3. HP: 26/26 MP: 3/3
   223 | D:4      | Reached XP level 4. HP: 32/32 MP: 4/4
   250 | D:4      | Found a stormy altar of Qazlal.
   279 | D:4      | Reached XP level 5. HP: 24/37 MP: 5/5
   350 | D:4      | Noticed an ogre
   436 | D:4      | Found a white marble altar of Elyvilon.
   439 | D:4      | Found a hide-covered altar of Uskayaw.
   544 | D:5      | Found an ornate altar of the Wu Jian Council.
   548 | D:5      | Noticed a water moccasin
   617 | D:5      | Noticed a lemure
   617 | D:5      | Noticed a lemure
   618 | D:5      | Noticed Pikel
   618 | D:5      | Noticed a lemure
   619 | D:5      | Noticed a lemure
   681 | D:5      | HP: 1/37 [Pikel/+2 whip of freezing (8)]
   681 | D:5      | Slain by Pikel

Illustrated notes

Levels and vault maps discovered:
D:3:      layout_basic, mainiacjoe_overflow_cross_hatched,
          mainiacjoe_overflow_chevrons, amcnicky_mini_rare_corridor_liquid,
          serial_bayou_pond_b, uniq_jessica
D:4:      layout_rooms, nicolae_overflow_squiral, marbit_many_paths
D:5:      layout_loops_ring, mainiacjoe_overflow_brackets,
          mainiacjoe_overflow_tiny_flanked, enter_ossuary_5,
          kennysheep_generic_room_16, uniq_menkaure, uniq_pikel,
          uniq_blork_the_orc

Skill      XL: |  1  2  3  4  5 |
---------------+----------------+-----
Stealth        | 7 |  7.6
Dodging        | 3 |  3.3
Fighting       | 4 |  4.1
Short Blades   | |  2.7

Action                     |  1- 3 |  4- 6 || total
---------------------------+-------+-------++-------
  Melee: Short sword       |    14 |    31 ||    45
         Constrict         |     7 |     8 ||    15
         Tentacles         |     3 |    13 ||    16
   Stab: Sleeping          |     2 |       ||     2
 Armour: Skin              |     5 |    19 ||    24
  Dodge: Dodged            |     4 |    19 ||    23
